AoeStats
← Dong Quixote

Coastal Forest

510913609Analyzed
3v3 RM · 12h ago on Oct 3, 2026· 83m 48s· 6 players
Game mode
Random Map
Map size
Normal (6 player)
Population
200
Speed
Normal
Resources
Standard
Victory
Conquest
Starting age
Dark Age
Ending age
Imperial Age
RankedLock teamsTeams togetherTeam positionsShared explorationLock speedFull tech treeHidden civsTurbo modeCheats
Victory
Defeat
🇺🇸 Byzantines · United States
942
+12
🇺🇸 Varangians · United States
911
+14
🇺🇸 Poles · United States
867
+16
🇦🇺 Burmese · Australia
883
-15
🇦🇺 Huns · Australia
869
-14
🇨🇦 Burgundians · Canada
829
-13
Crazy Rocket Sodawala of Ajmer
12:11 Feudal Age
10:47 Loom
17:24 Castle Age
16:35 Double-Bit Axe
20:43 Wheelbarrow
19:57 Horse Collar
20:32 Bow Saw
24:21 Bloodlines
25:49 Heavy Plow
27:21 Scale Barding Armor
28:28 Chain Barding Armor
28:42 Forging
29:04 Pikeman
33:58 Iron Casting
34:03 Hand Cart
33:33 Town Watch
33:56 Marauders
38:51 Squires
42:49 Town Patrol
47:31 Imperial Age
44:58 Gold Mining
48:43 Conscription
48:34 Elite Tarkan
50:24 Plate Barding Armor
51:07 Blast Furnace
63:36 Husbandry
DingZ
5:09 Loom
10:51 Feudal Age
14:43 Man-at-Arms
17:51 Forging
20:03 Castle Age
18:31 Scale Mail Armor
21:45 Iron Casting
21:21 Double-Bit Axe
22:48 Chain Mail Armor
24:59 Scale Barding Armor
26:29 Chain Barding Armor
26:57 Bow Saw
28:03 Horse Collar
28:33 Pikeman
32:09 Ballistics
31:35 Long Swordsman
32:07 Fletching
31:45 Cavalier
33:06 Wheelbarrow
33:12 Stone Mining
33:26 Elite Skirmisher
35:20 Two-Man Saw
34:33 Masonry
36:24 Bodkin Arrow
37:02 Hand Cart
41:29 Imperial Age
40:09 Burgundian Vineyards
42:09 Paladin
46:00 Blast Furnace
48:47 Architecture
47:57 Halberdier
50:01 Plate Barding Armor
50:42 Heavy Plow
50:51 Bracer
51:58 Conscription
52:31 Plate Mail Armor
55:54 Hoardings
57:20 Medium Warships
59:59 Flemish Revolution
AussieHoon
3:51 Loom
4:03 Loom
13:00 Feudal Age
26:00 Castle Age
24:43 Horse Collar
25:39 Gold Mining
30:34 Heavy Plow
30:55 Bloodlines
30:45 Husbandry
31:58 Wheelbarrow
34:49 Hand Cart
35:15 Forging
35:56 Scale Barding Armor
36:25 Pikeman
38:49 Gold Shaft Mining
38:05 Stone Mining
38:53 Squires
44:07 Imperial Age
43:03 Iron Casting
42:52 Chain Barding Armor
43:14 Scale Mail Armor
43:27 Light Cavalry
45:34 Manipur Cavalry
45:37 Howdah
45:03 Halberdier
48:00 Blast Furnace
47:25 Masonry
47:45 Ballistics
53:53 Chain Mail Armor
55:00 Chain Mail Armor
59:21 Plate Mail Armor
CornPopOfficial
9:32 Loom
14:29 Feudal Age
19:47 Castle Age
19:02 Double-Bit Axe
20:04 Horse Collar
22:35 Scale Barding Armor
24:16 Chain Barding Armor
26:47 Bloodlines
26:50 Forging
28:34 Iron Casting
28:27 Husbandry
30:32 Heavy Plow
30:56 Gold Mining
31:22 Bow Saw
35:49 Imperial Age
33:59 Wheelbarrow
38:51 Blast Furnace
39:14 Conscription
39:15 Lechitic Legacy
38:27 Light Cavalry
39:28 Winged Hussar
41:28 Crossbowman
42:04 Fletching
44:02 Bodkin Arrow
43:31 Arbalester
44:37 Ballistics
45:47 Crop Rotation
46:10 Bracer
46:35 Padded Archer Armor
47:11 Thumb Ring
47:42 Pikeman
48:41 Squires
52:42 Fortified Wall
53:34 Chemistry
64:42 Caravan
78:29 Hand Cart
78:45 Medium Warships
80:47 Heavy Warships
ConcernedSauce
13:08 Feudal Age
17:34 Loom
19:49 Castle Age
20:16 Double-Bit Axe
20:15 Horse Collar
24:43 Wheelbarrow
25:43 Stone Mining
25:43 Gold Mining
26:21 Bow Saw
28:58 Heavy Plow
29:49 Hand Cart
37:20 Imperial Age
37:33 Scale Barding Armor
37:19 Fletching
38:26 Conscription
38:20 Logistica
39:07 Chain Barding Armor
38:43 Bodkin Arrow
39:25 Crop Rotation
39:33 Stone Shaft Mining
39:34 Gold Shaft Mining
40:31 Plate Barding Armor
41:06 Chemistry
40:27 Ballistics
41:09 Bracer
41:21 Forging
40:52 Heavy Camel Rider
43:18 Hoardings
42:49 Husbandry
44:00 Iron Casting
45:50 Elite Cataphract
64:32 Treadmill Crane
66:15 Murder Holes
72:18 Spies/Treason
73:27 Caravan
79:29 Medium Warships
79:44 Shipwright
79:43 Clinker Construction
79:46 Careening
80:43 Siphons
81:52 Heavy Warships
Dong Quixote
3:24 Loom
10:25 Feudal Age
14:43 Double-Bit Axe
23:15 Castle Age
23:23 Pikeman
24:14 Scale Mail Armor
24:17 Gold Mining
26:29 Wheelbarrow
26:44 Scale Barding Armor
26:52 Forging
32:58 Iron Casting
33:30 Horse Collar
36:58 Stone Mining
39:49 Imperial Age
37:55 Squires
38:44 Chain Mail Armor
40:51 Stone Shaft Mining
43:31 Blast Furnace
43:02 Plate Mail Armor
42:44 Halberdier
44:57 Conscription
45:06 Conscription
45:23 Bow Saw
45:47 Hand Cart
46:24 Fletching
50:09 Elite Jarl
56:33 Two-Man Saw
56:06 Elite Varangian Guard
57:23 Arson
57:26 Gambesons
57:59 Vendel Legacy
59:08 Chain Barding Armor
63:26 Bloodlines
64:16 Plate Barding Armor
83:10 Siphons
83:38 Careening
Connection lost

Rejoining the realm…

Still unreachable

The connection could not be restored.

Session expired

The server has moved on; the page needs a fresh start.